 Dungeon Crawl Stone Soup version 0.22-a0-515-g75794bf (webtiles) character file.

80 stealthycow the Chopper (level 4, 0/40 HPs)
             Began as a Hill Orc Fighter on June 19, 2018.
             Slain by an adder (3 damage)
             ... on level 2 of the Dungeon.
             The game lasted 00:01:45 (1329 turns).

stealthycow the Chopper (Hill Orc Fighter)          Turns: 1329, Time: 00:01:45

Health: 0/40       AC:  7    Str: 18    XL:     4   Next: 39%
Magic:  4/4        EV:  7    Int:  8    God:
Gold:   84         SH:  9    Dex: 11    Spells: 3/3 levels left

rFire    . . .     SeeInvis .   a - +0 war axe
rCold    . . .     Gourm    .   c - +0 shield
rNeg     . . .     Faith    .   b - +0 scale mail
rPois    .         Spirit   .   (no helmet)
rElec    .         Reflect  .   (no cloak)
rCorr    .         Harm     .   (no gloves)
MR       .....                  (no boots)
Stlth    ..........             (no amulet)
HPRegen  0.13/turn              (no ring)
MPRegen  0.09/turn              (no ring)

@: no status effects
A: no striking features
a: no special abilities


You were on level 2 of the Dungeon.
You were hungry.

You visited 1 branch of the dungeon, and saw 2 of its levels.

You collected 84 gold pieces.

Inventory:

Hand Weapons
 a - a +0 war axe (weapon)
Armour
 b - a +0 scale mail (worn)
 c - a +0 shield (worn)
Jewellery
 g - an uncursed amulet of magic regeneration {unknown}
Scrolls
 h - a scroll of remove curse {unknown}
 i - a scroll of teleportation {unknown}
Potions
 d - a potion of might
 e - a potion of heal wounds {unknown}
Comestibles
 f - 3 rations
 j - a chunk of flesh


   Skills:
 + Level 4.2 Fighting
 * Level 4.3 Axes
 + Level 3.8 Armour
 + Level 3.8 Shields


You had 3 spell levels left.
You didn't know any spells.
Your spell library was empty.

Dungeon Overview and Level Annotations

Branches:
Dungeon (2/15)

Altars:
Fedhas


Message History

You slash the gnoll!
The gnoll is severely wounded.
Your shield and scale mail prevent you from hitting the gnoll.
The gnoll hits you with a spear.
* * * LOW HITPOINT WARNING * * *
The gnoll barely misses you.
You closely miss the gnoll.
The gnoll is severely wounded.
You slash the gnoll! You block the gnoll's attack.
The gnoll hits you but does no damage. The gnoll hits you with a spear.
* * * LOW HITPOINT WARNING * * *
You hit the gnoll.
You kill the gnoll!
You barely miss the gnoll. The gnoll hits you with a halberd.
* * * LOW HITPOINT WARNING * * *
The adder barely misses you.
You closely miss the adder.
Your shield prevents you from hitting the gnoll.
The adder bites you.
You die...

####.#
#...............#
.....#
#...............#
######
#...............#
.#######........#
##.......# #.......#
#.# #.......# ####
#.########Sg.....#
...#
#.#......(@....###
##.# #.#............#
#.####...........>..#
#.##................#
#.##................#
##.##................#
.......##............#
.#...#.##............#
.###.#.##............#


You could see a gnoll and an adder.

Vanquished Creatures
  2 gnolls (D:2)
  3 adders (D:2)
  2 dart slugs
  A leopard gecko (D:2)
  2 giant cockroaches (D:1)
  2 goblins (D:2)
  4 hobgoblins
  3 jackals (D:2)
  3 bats
  2 frilled lizards
  4 kobolds
  4 rats
32 creatures vanquished.

Notes
Turn   | Place    | Note
-------+----------+-------------------------------------------
     0 | D:1      | stealthycow the Hill Orc Fighter began the quest for the Orb.
     0 | D:1      | Reached XP level 1. HP: 19/19 MP: 1/1
    83 | D:1      | Reached XP level 2. HP: 27/27 MP: 2/2
   531 | D:2      | Reached XP level 3. HP: 25/33 MP: 3/3
  1096 | D:2      | Found a blossoming altar of Fedhas.
  1269 | D:2      | Reached XP level 4. HP: 36/40 MP: 4/4
  1329 | D:2      | Slain by an adder

Vault maps used:
D:1:      lightli_arrival_flooded_house, minmay_misc_feat_iff
D:2:      first_ration, fedhas_altar_fruit_tree

Skill      XL: |  1  2  3 |
---------------+----------+-----
Axes           | 3 4 |  4.3
Fighting       | 4 |  4.2
Armour         | |  3.8
Shields        | |  3.8

Action                   |  1- 3 |  4- 6 || total
-------------------------+-------+-------++-------
Melee: War axe           |   110 |     9 ||   119
  Eat: Chunk             |     1 |       ||     1
Armor: Scale mail        |    54 |     2 ||    56
Dodge: Dodged            |    53 |     8 ||    61
Block: Shield            |    57 |     3 ||    60

Table legend:
 A = Spawn XP
 B = Non-spawn XP
 C = Spawn XP percentage of total XP
 D = Spawn monster count
 E = Non-spawn monster count
 F = Spawn count percentage of total count
 G = Total turns spent on level
                    A         B        C        D         E        F      G
               +---------+---------+-------+---------+---------+-------+---------
         Total |       0 |     115 |   0.0 |       0 |      32 |   0.0 |  1329
               +---------+---------+-------+---------+---------+-------+---------
           D:1 |       0 |      21 |   0.0 |       0 |      13 |   0.0 |   489
           D:2 |       0 |      94 |   0.0 |       0 |      19 |   0.0 |   840
               +---------+---------+-------+---------+---------+-------+---------
